 Dungeon Crawl Stone Soup version 0.27.1-34-g3ba077fa99 (webtiles) character file.

Game seed: 7841048149887292669

65 pkoi the Insei (level 3, -1/33 HPs)
             Began as a Draconian Monk on Jan 11, 2022.
             Slain by an ogre (11 damage)
             ... on level 3 of the Dungeon.
             The game lasted 00:02:20 (2445 turns).

pkoi the Insei (Draconian Monk)                     Turns: 2445, Time: 00:02:21

Health: -1/33      AC:  5    Str: 13    XL:     3   Next: 94%
Magic:  3/3        EV: 12    Int: 11    God:
Gold:   73         SH:  0    Dex: 13    Spells: 2/2 levels left

rFire    . . .     SeeInvis .     - Unarmed
rCold    . . .     Faith    .   (no shield)
rNeg     . . .     Spirit   .   (armour unavailable)
rPois    .         Reflect  .   (helmet restricted)
rElec    .         Harm     .   (no cloak)
rCorr    .         Rampage  .   (no gloves)
Will     .....                  (no boots)
Stlth    ++........             (no amulet)
HPRegen  0.11/turn              (no ring)
MPRegen  0.08/turn              (no ring)

@: no status effects
A: AC +5, unfitting armour, cold-blooded
a: no special abilities


You were on level 3 of the Dungeon.
You visited 1 branch of the dungeon, and saw 3 of its levels.

You collected 73 gold pieces.

Inventory:

Hand Weapons
 d - a +4 dagger
Armour
 h - a +0 pair of boots
Wands
 g - a wand of flame (23)
Scrolls
 c - 2 scrolls of teleportation {unknown}
 e - a scroll of enchant armour {unknown}
 f - 3 scrolls of identify {unknown}
Potions
 a - a potion of berserk rage {unknown}
 b - a potion of flight {unknown}
 i - a potion of brilliance {unknown}


   Skills:
 - Level 4.0 Fighting
 - Level 3.0 Dodging
 - Level 1.7 Stealth
 + Level 4.2 Unarmed Combat


You had 2 spell levels left.
You didn't know any spells.
Your spell library was empty.

Dungeon Overview and Level Annotations

Branches:
Dungeon (3/15)

Altars:


Innate Abilities, Weirdness & Mutations

Your plain brown scales are hard. (AC +5)
You cannot fit into any form of body armour.
You are cold-blooded and may be slowed by cold attacks.


Message History

No target in view!
No target in view!
i - a lumpy dark potion You see here a +0 short sword.
f - 3 scrolls labelled REEBLE FYRALER (gained 1)
c - 2 scrolls labelled BOUKHL FAREHECE (gained 1)
A ball python comes into view.
A ball python is nearby!
A ball python is nearby!
The ball python hisses angrily.
The ball python closely misses you. x2
You hit the ball python.
You kill the ball python!
No target in view!
No target in view!
No target in view!
No target in view!
No target in view!
No target in view!
No target in view!
No target in view!
No target in view!
No target in view!
No target in view!
No target in view!
No target in view!
No target in view!
An ogre comes into view. It is wielding a +0 giant spiked club.
An ogre is nearby!
An ogre is nearby!
The helpless ogre fails to defend itself.
You hit the ogre.
The ogre is lightly wounded.
The ogre hits you with a +0 giant spiked club!!
Ouch! That really hurt!
* * * LOW HITPOINT WARNING * * *
You hit the ogre.
The ogre is lightly wounded.
The ogre hits you with a +0 giant spiked club!
You die...

.†.+.......# #........#.#
...##......# #........#.#
...+..#+#.## #........#.#
...##.#.#.# #........#.#
...##.#.# # #........#.#
........# #.####.....#
........# #.# #.....#
........#######.####.....#
..).............@O.+.....#
.......########.####)...##
#.....## #####.####....#
#.....# #.............#
#.....# #.............#
#.....# #.........#####
#.....# #.........#
##...## #####'#####
##...##########.#######


You could see an ogre.

Vanquished Creatures
  3 dart slugs (D:1)
  An orc (D:3)
  6 ball pythons
  6 endoplasms
  3 giant cockroaches
  5 goblins
  5 hobgoblins
  7 jackals
  4 kobolds (D:1)
  3 bats
  4 frilled lizards
  6 rats
53 creatures vanquished.

Vanquished Creatures (others)
  4 plants (D:3)
4 creatures vanquished.

Grand Total: 57 creatures vanquished

Notes
Turn   | Place    | Note
-------+----------+-------------------------------------------
     0 | D:1      | pkoi the Draconian Monk began the quest for the Orb.
     0 | D:1      | Reached XP level 1. HP: 19/19 MP: 1/1
   390 | D:1      | Reached XP level 2. HP: 14/26 MP: 2/2
   613 | D:1      | Found a faded altar of an unknown god.
   823 | D:1      | Reached XP level 3. HP: 33/33 MP: 3/3
  2442 | D:3      | Noticed an ogre
  2445 | D:3      | Slain by an ogre

Illustrated notes

Levels and vault maps discovered:
D:1:      co_arrival_random_square_maze, layout_loops_ring,
          hellmonk_ecumenical_altar_crossroads, serial_bayou_pond_a
D:2:      layout_basic
D:3:      layout_basic, serial_bayou, serial_bayou_shore_b, serial_bayou_pond_e,
          serial_bayou_pond_d, serial_bayou_shore_a, kennysheep_generic_room_13

Skill      XL: |  1  2  3 |
---------------+----------+-----
Dodging        | 3 |  3.0
Fighting       | 4 |  4.0
Unarmed Combat | 4 |  4.2
Stealth        | |  1.7

Action                   || total
-------------------------++-------
Melee: Unarmed           ||   162
       Punch             ||     2
       Tailslap          ||     8
 Stab: Sleeping          ||     3
Armor: Skin              ||    43
Dodge: Dodged            ||   111
